 Dungeon Crawl Stone Soup version 0.30-a0-331-g8ab09dc110 (console) character file.

Game seed: 13590651070365789787

1544 capslocke the Cudgeller (level 9, -4/53 HPs)
             Began as a Kobold Artificer on Oct 30, 2022.
             Was a Follower of Ru.
             Slain by a kobold brigand
             ... wielding a +0 whip of electrocution
              (15 damage)
             ... on level 5 of the Dungeon.
             The game lasted 00:23:14 (5705 turns).

capslocke the Cudgeller (Kobold Artificer)          Turns: 5705, Time: 00:23:16

Health: -4/53      AC:  4    Str: 12    XL:     9   Next: 11%
Magic:  9/9        EV: 16    Int: 12    God:    Ru [*.....]
Gold:   213        SH:  0    Dex: 17    Spells: 8/8 levels left

rFire   + . .      SeeInvis .    s - +7 mace "Febob" {drain, rF+ Stlth+}
rCold   . . .      Faith    .    (no shield)
rNeg    . . .      Spirit   .    b - +0 leather armour
rPois   .          Reflect  .    (no helmet)
rElec   .          Harm     .    C - +0 cloak
rCorr   .          Rampage  .    (no gloves)
Will    .....                    (no boots)
Stlth   ++++......               (no amulet)
HPRegen 0.28/turn                (no ring)
MPRegen 0.11/turn                (no ring)

@: no status effects
A: small, no large weapons, nightstalker 3, weak-willed 1
a: Renounce Religion


You were on level 5 of the Dungeon.
You worshipped Ru.
Ru was aware of your devotion.
You visited 2 branches of the dungeon, and saw 6 of its levels.

You collected 332 gold pieces.
You spent 119 gold pieces at shops.

Inventory:

Hand Weapons
 a - a +0 club
 i - a +0 dagger
 s - the +7 mace "Febob" (weapon) {drain, rF+ Stlth+}
   (You found it on level 2 of the Dungeon)

   A truly terrible weapon, it drains the life of any living foe it strikes.
   rF:        It protects you from fire.
   Stlth:     It makes you more stealthy.
 z - the +4 dagger "Liugof" {vorpal, *Rage rElec Will+ Stlth+}
   (You bought it in a shop on level 2 of the Dungeon)

   It inflicts extra damage upon your enemies.
   rElec:     It insulates you from electricity.
   *Rage:     It berserks you when you make melee attacks (+20% chance).
   Will:      It increases your willpower.
   Stlth:     It makes you more stealthy.
 H - a +4 rapier of venom
Missiles
 o - 7 boomerangs (quivered)
 B - 2 throwing nets
 D - 4 poisoned darts
 E - 3 boomerangs of dispersal
Armour
 b - a +0 leather armour (worn)
 C - a +0 cloak (worn)
Magical Staves
 f - a staff of conjuration
Jewellery
 j - a ring of fire
 p - a ring of fire
Wands
 d - a wand of charming (7)
 u - a wand of paralysis (5)
Scrolls
 g - a scroll of teleportation
 h - 2 scrolls of summoning {unknown}
 l - 2 scrolls of fear {unknown}
 q - a scroll of enchant armour {unknown}
 v - 2 scrolls of enchant weapon {unknown}
 x - a scroll of immolation {unknown}
 y - 3 scrolls of magic mapping {unknown}
 A - a scroll of torment {unknown}
 G - a scroll of poison {unknown}
 I - a scroll of blinking {unknown}
 J - a scroll of noise {unknown}
Potions
 c - 3 potions of cancellation
 e - a potion of berserk rage
 k - 2 potions of might
 m - 2 potions of brilliance
 n - a potion of flight
 r - 2 potions of attraction
 t - 2 potions of haste
 w - 6 potions of curing
 F - a potion of degeneration {unknown}


   Skills:
 + Level 4.8 Fighting
 + Level 1.5 Short Blades
 + Level 6.3(6.4) Maces & Flails
 + Level 0.5(3.9) Staves
 + Level 3.6 Armour
 + Level 5.1 Dodging
 - Level 1.3 Stealth
 - Level 0.4 Conjurations
 + Level 4.9 Evocations


You had 8 spell levels left.
You didn't know any spells.
Your spell library was empty.

Dungeon Overview and Level Annotations

Branches:
Dungeon (5/15)             Temple (1/1) D:4

Altars:
Ashenzari
Cheibriados
Dithmenos
Fedhas
Gozag
Kikubaaqudgha
Makhleb
Nemelex Xobeh
Okawaru
Qazlal
Ru
Sif Muna
Trog
Uskayaw
Wu Jian
Xom
Yredelemnul
Zin
The Shining One

Shops:
D:2 **(


Innate Abilities, Weirdness & Mutations

You are small and have problems with some larger weapons.
You are completely attuned to the shadows.
You are slightly weak-willed. (Will-)


Message History

The kobold brigand barely misses you.
You hit the kobold brigand but do no damage.
You drain the kobold brigand.
The kobold brigand is moderately wounded.
You feel very sick. The kobold brigand closely misses you.
A kobold comes into view. It is wielding a +0 short sword.
You closely miss the kobold.
You feel sick. The kobold brigand barely misses you.
The kobold hits you but does no damage.
You completely miss the kobold.
You feel sick.
The kobold brigand hits you with a +0 whip of electrocution.
The kobold closely misses you.
The kobold brigand hits you with a +0 whip of electrocution.
The kobold hits you but does no damage.
You thump the kobold!
You kill the kobold!
You feel sick.
You are no longer poisoned.
The kobold brigand closely misses you.
The kobold brigand hits you with a +0 whip of electrocution.
A kobold comes into view. It is wielding a +0 short sword.
The kobold closely misses you.
Aiming: Charm
Press: ? - help, Shift-Dir - straight line, f/p - kobold brigand
Aim: a kobold brigand, wielding a +0 whip of electrocution and quivering curare-tipped darts (moderately wounded, lightly drained, chance to affect: 65%)
The kobold brigand struggles to resist.
The kobold barely misses you.
The kobold brigand hits you with a +0 whip of electrocution.
Aiming: Charm
Press: ? - help, Shift-Dir - straight line, f - kobold, p - kobold brigand
Aim: a kobold, wielding a +0 short sword (chance to affect: 77%)
The kobold is charmed.
You feel yourself speed up.
The kobold brigand hits you with a +0 whip of electrocution.
* * * LOW HITPOINT WARNING * * *
Something hits your kobold but does no damage.
Something closely misses your kobold.
The kobold brigand hits you with a +0 whip of electrocution.
* * * LOW HITPOINT WARNING * * *
You are electrocuted!
You die...

#.###
#####...##
....)...#
#.##....#
..#.#..#..#
#.....##..#
..._......#
#...KK##..
..#.#@.# .
.##.##...#
) .... ...#
####


You could see a kobold brigand (drained) and a friendly kobold (charmed).

Vanquished Creatures
  Grinder (D:3)
  Eustachio (D:5)
  Sigmund (D:5)
  An ogre (D:4)
  A phantom (D:5)
  A kobold brigand (D:4)
  A scorpion (D:5)
  2 howler monkeys (D:4)
  6 hounds
  An orc priest (D:4)
  A jelly (D:4)
  Jessica (D:3)
  Natasha (thrice) (D:3)
  An orc wizard (D:4)
  17 gnolls (D:4)
  5 adders
  2 worms
  21 orcs
  5 endoplasms
  3 giant cockroaches
  11 goblins
  8 hobgoblins
  11 jackals
  8 kobolds
  5 quokkas
  4 ball pythons
  7 bats
  3 frilled lizards (D:3)
  4 rats
136 creatures vanquished.

Vanquished Creatures (collateral kills)
  An orc (D:4)
  2 jackals
3 creatures vanquished.

Vanquished Creatures (others)
  2 orcs (D:4)
  A jackal (D:4)
  A fungus (D:4)
  3 plants (D:4)
7 creatures vanquished.

Grand Total: 146 creatures vanquished

Notes
Turn   | Place    | Note
-------+----------+-------------------------------------------
     0 | D:1      | capslocke the Kobold Artificer began the quest for the Orb.
     0 | D:1      | Reached XP level 1. HP: 12/12 MP: 1/1
   111 | D:1      | Reached skill level 1 in Armour
   223 | D:1      | Reached XP level 2. HP: 15/16 MP: 2/2
   661 | D:1      | Reached XP level 3. HP: 10/20 MP: 3/3
  1399 | D:2      | Found Deibabbi's Assorted Antiques.
  1437 | D:2      | Identified the +7 mace "Febob" {drain, rF+ Stlth+}
  1495 | D:2      | Found Upufiv's Antique Weapon Shop.
  1557 | D:2      | Reached XP level 4. HP: 25/25 MP: 4/4
  1642 | D:2      | Found Kassy's Assorted Antiques.
  1900 | D:2      | Found a faded altar of an unknown god.
  2207 | D:3      | Found a shimmering altar of Xom.
  2407 | D:3      | Noticed Jessica
  2412 | D:3      | Killed Jessica
  2413 | D:3      | Reached XP level 5. HP: 22/29 MP: 5/5
  2605 | D:2      | Bought an ivory dagger for 119 gold pieces
  2605 | D:2      | Identified the +4 dagger "Liugof" {vorpal, *Rage rElec
                  | Will+ Stlth+} (You bought it in a shop on level 2 of the
                  | Dungeon)
  2647 | D:3      | Found a burning altar of Makhleb.
  2648 | D:3      | Noticed Natasha
  2660 | D:3      | Killed Natasha
  2661 | D:3      | Reached skill level 1 in Maces & Flails
  2724 | D:3      | Noticed Grinder
  2727 | D:3      | Paralysed by Grinder for 2 turns
  2729 | D:3      | Killed Grinder
  2730 | D:3      | Reached skill level 1 in Short Blades
  2730 | D:3      | Reached skill level 2 in Maces & Flails
  2730 | D:3      | Reached XP level 6. HP: 35/35 MP: 6/6
  2781 | D:3      | Found a glowing golden altar of the Shining One.
  2941 | D:3      | Noticed Natasha
  2947 | D:3      | Killed Natasha
  3184 | D:3      | Noticed Natasha
  3188 | D:3      | Killed Natasha
  3189 | D:3      | Reached skill level 3 in Maces & Flails
  3189 | D:3      | Reached XP level 7. HP: 40/40 MP: 7/7
  3289 | D:4      | Found a staircase to the Ecumenical Temple.
  3295 | Temple   | Entered the Ecumenical Temple
  3415 | Temple   | Became a worshipper of Ru the Awakened
  3838 | D:4      | HP: 1/40 [gnoll/+4 whip (11)]
  4158 | D:4      | Reached skill level 4 in Maces & Flails
  4393 | D:4      | Reached XP level 8. HP: 29/46 MP: 8/8
  4779 | D:4      | Gained mutation: You are slightly weak-willed. (Will-) [Ru
                  | sacrifice]
  4779 | D:4      | Reached * piety under Ru
  4878 | D:4      | Reached skill level 5 in Maces & Flails
  5309 | D:5      | Entered Level 5 of the Dungeon
  5449 | D:5      | Noticed Eustachio
  5458 | D:5      | Killed Eustachio
  5547 | D:5      | Noticed Sigmund
  5555 | D:5      | Killed Sigmund
  5556 | D:5      | Reached skill level 6 in Maces & Flails
  5556 | D:5      | Reached skill level 5 in Dodging
  5556 | D:5      | Reached XP level 9. HP: 43/52 MP: 9/9
  5688 | D:5      | Found an ancient bone altar of Kikubaaqudgha.
  5705 | D:5      | Slain by a kobold brigand

Illustrated notes

Levels and vault maps discovered:
D:1:      dpeg_arrival_three_smaller_balls, layout_basic, minmay_tall_x
D:2:      layout_loops_cross, dilly_ecumenical_altar_fadedgnrine, serial_shops,
          shop_statue, shop, nicolae_shop_stone
D:3:      layout_basic, mainiacjoe_overflow_boulevard,
          mainiacjoe_overflow_catwalk, nicolae_overflow_crystal_walls,
          uniq_natasha, uniq_grinder, uniq_jessica
D:4:      lemuel_castle_with_subvaults [lemuel_castle_interior_carwin_2],
          layout_gridville, lemuel_temple_firewalk_b
D:5:      layout_loops_ring, mainiacjoe_overflow_small_starburst,
          kennysheep_cross_bottleneck, uniq_eustachio, uniq_sigmund
Temple:   regret_index_temple_waves

Skill      XL: |  1  2  3  4  5  6  7  8 |
---------------+-------------------------+-----
Armour         | 1 2 3 |  3.6
Evocations     | 4 |  4.9
Dodging        | 3 4 5 |  5.1
Maces & Flails | 2 3 4 6 |  6.3
Fighting       | 2 3 4 |  4.8
Short Blades   | 1 |  1.5
Staves         | |  0.5
Stealth        | |  1.3
Conjurations   | |  0.4

Action                   |  1- 3 |  4- 6 |  7- 9 || total
-------------------------+-------+-------+-------++-------
Melee: Staff             |    70 |       |       ||    70
       Club              |     7 |       |       ||     7
       Dagger            |    23 |       |       ||    23
       Mace              |     7 |    69 |   208 ||   284
       Punch             |       |     2 |     3 ||     5
Throw: Boomerang         |       |       |     2 ||     2
Invok: Sacrifice Essence |       |       |     1 ||     1
Evoke: Wand              |    20 |     3 |     7 ||    30
  Use: Scroll            |       |     6 |     4 ||    10
       Potion            |       |       |     1 ||     1
 Stab: Sleeping          |    13 |     7 |     9 ||    29
       Distracted        |     1 |       |     1 ||     2
       Paralysed         |       |       |     6 ||     6
Armor: Leather armour    |    28 |     8 |    44 ||    80
Dodge: Dodged            |   106 |    47 |   178 ||   331

Table legend: (Time is in decaauts)
 A = Elapsed time spent in this place.
 B = Non-inter-level travel time spent in this place.
 C = Inter-level travel time spent in this place.
 D = Time resting spent in this place.
 E = Time spent auto-exploring this place.
 F = Levels seen in this place.
 G = Mean time per level.
                   A        B        C        D        E       F      G
               +--------+--------+--------+--------+--------+-----+--------+
         Total |   5797 |   5361 |    436 |   1315 |   2864 |   6 |  966.2 |
       Dungeon |   5656 |   5266 |    390 |   1315 |   2784 |   5 | 1131.2 |
        Temple |    140 |     94 |     46 |      0 |     80 |   1 |  140.0 |
               +--------+--------+--------+--------+--------+-----+--------+

Top non-repeatable levels by time:
     D:4: 1879 daAuts
     D:3: 1194 daAuts
     D:1: 1164 daAuts
     D:2: 1013 daAuts
     D:5: 406 daAuts
  Temple: 140 daAuts
